 Dungeon Crawl Stone Soup version 0.27.1-35-g4d5d836560 (webtiles) character file.

Game seed: 15877002453051810132

4657 Delamore the Slicer (level 10, -7/66 HPs)
             Began as an Octopode Brigand on Mar 18, 2022.
             Was an Initiate of Gozag.
             Mangled by a blink frog (16 damage)
             ... on level 1 of the Lair of Beasts.
             The game lasted 00:11:07 (11077 turns).

Delamore the Slicer (Octopode Brigand)             Turns: 11077, Time: 00:11:08

Health: -7/66      AC:  1    Str: 11    XL:     10   Next: 43%
Magic:  10/10      EV: 15    Int: 14    God:    Gozag
Gold:   673        SH:  5    Dex: 16    Spells: 9/9 levels left

rFire    . . .     SeeInvis +   M - +4 short sword (freeze)
rCold    . . .     Faith    .   j - +0 buckler
rNeg     + . .     Spirit   .   (helmet restricted)
rPois    .         Reflect  .   (no amulet)
rElec    .         Harm     .   n - ring of flight
rCorr    .         Rampage  .   p - ring of positive energy
Will     +....                  x - ring of see invisible
Stlth    ++++++....             I - ring of willpower
HPRegen  0.21/turn              (no ring)
MPRegen  0.12/turn              (no ring)
                                (no ring)
                                (no ring)

@: about to teleport, marked, gold aura, flying
A: almost no armour, amphibious, 8 rings, camouflage 1, gelatinous body 1,
nimble swimmer 1, tentacles
a: Renounce Religion, Potion Petition, Call Merchant, Bribe Branch


You were on level 1 of the Lair of Beasts.
You worshipped Gozag.
Gozag was pleased with you.
You visited 3 branches of the dungeon, and saw 10 of its levels.
You also visited: Sewer.

You collected 1126 gold pieces.
You paid 453 gold pieces to Gozag.

Inventory:

Hand Weapons
 a - a +2 dagger
 r - a +1 dagger of electrocution
 t - a +2 short sword of venom
 M - a +4 short sword of freezing (weapon)
Missiles
 b - 37 poisoned darts (quivered)
 H - 8 atropa-tipped darts
Armour
 j - a +0 buckler (worn)
 v - a +0 kite shield
Jewellery
 n - a ring of flight (left tentacle)
 p - a ring of positive energy (right tentacle)
 w - a ring of fire
 x - a ring of see invisible (on tentacle)
 I - a ring of willpower (on tentacle)
Wands
 s - a wand of polymorph (5)
 y - a wand of charming (13)
 A - a wand of mindburst (8)
 F - a wand of acid (8)
 G - a wand of paralysis (3)
 K - a wand of flame (27)
Scrolls
 d - a scroll of torment
 f - 2 scrolls of amnesia
 h - 2 scrolls of noise
 m - 2 scrolls of fog
 o - a scroll of teleportation
 q - a scroll of enchant weapon
 E - a scroll of enchant armour
 J - a scroll of blinking {unknown}
Potions
 e - 2 potions of mutation {unknown}
 i - 2 potions of resistance {unknown}
 k - a potion of magic {unknown}
 l - 2 potions of curing
 u - a potion of haste {unknown}
 z - 2 potions of might {unknown}
 B - 3 potions of flight
 C - a potion of cancellation {unknown}
 D - a potion of invisibility {unknown}
 L - a potion of attraction {unknown}
 N - a potion of lignification {unknown}


   Skills:
 - Level 5.0 Fighting
 + Level 10.7 Short Blades
 - Level 2.0 Throwing
 + Level 4.7 Dodging
 - Level 10.0 Stealth
 + Level 3.0 Shields
 - Level 5.0 Evocations


You had 9 spell levels left.
You didn't know any spells.
Your spell library was empty.

Dungeon Overview and Level Annotations

Branches:
Dungeon (8/15)             Temple (1/1) D:4            Lair (1/6) D:8
  Sewer (visited)

Altars:
Ashenzari
Cheibriados
Dithmenos
Elyvilon
Fedhas
Gozag
Hepliaklqana
Kikubaaqudgha
Makhleb
Nemelex Xobeh
Okawaru
Qazlal
Ru
Sif Muna
Trog
Uskayaw
Vehumet
Wu Jian
Xom
Yredelemnul
Zin
The Shining One

Shops:
D:7 [   D:8 (


Innate Abilities, Weirdness & Mutations

You cannot wear most types of armour.
You are amphibious.
You can wear up to eight rings at the same time.
Your skin changes colour to match your surroundings (Stealth+).
Your rubbery body absorbs attacks. (AC +1, EV +1)
You are camouflaged near water. (Stealth+)
You have tentacles for arms and can constrict up to eight enemies at once.


Message History

* * * LOW HITPOINT WARNING * * *
The blink frog blinks!
Your life force feels restored.
Training target 5.0 for Fighting reached!
Training target 5.0 for Evocations reached!
Your Fighting skill increases to level 5!
Your Shields skill increases to level 3!
Your Evocations skill increases to level 5!
The bullfrog closely misses you. The blink frog closely misses you.
Okay, then.
You feel much better.
The water moccasin is no longer distracted by gold.
The water moccasin is distracted by your dazzling golden aura.
The blink frog blinks!
The seven-headed hydra bites you.
You block the seven-headed hydra's attack.
The seven-headed hydra bites you but does no damage.
The seven-headed hydra bites you! The seven-headed hydra bites you.
The seven-headed hydra bites you!
* * * LOW HITPOINT WARNING * * *
The seven-headed hydra misses you. The bullfrog hits you.
* * * LOW HITPOINT WARNING * * *
A water moccasin comes into view.
You feel much better.
The water moccasin is no longer distracted by gold.
The bullfrog completely misses you.
You block the seven-headed hydra's attack.
The seven-headed hydra bites you! The seven-headed hydra bites you.
The seven-headed hydra bites you!
* * * LOW HITPOINT WARNING * * *
You block the seven-headed hydra's attack.
The seven-headed hydra barely misses you.
The seven-headed hydra bites you.
* * * LOW HITPOINT WARNING * * *
The blink frog barely misses you.
A yak comes into view.
As you read the scroll of teleportation, it crumbles to dust.
You feel strangely unstable. The bullfrog closely misses you.
The blink frog closely misses you. The blink frog hits you!
You die...
Your body crumbles into a pile of gold.

#.#..(. .#....
....... #.#....
#.....##....P#
#.......#.#.##
##...≈≈≈......#
#.≈≈≈≈≈$≈≈...#
##.≈≈≈≈≈≈≈≈≈..#
#.≈≈≈≈≈≈FF≈≈..#
.}≈≈≈≈SD@≈≈≈.(##
.Y.≈≈≈.≈F≈≈..S...
#..≈≈.$<.≈..#####
##.....(....#
####P...####
##!.## #.## #. ##


You could see a seven-headed hydra, a yak, 2 blink frogs, 2 water moccasins and
a bullfrog.

Vanquished Creatures
  A two-headed ogre (D:8)
  Nergalle (Lair:1)
  A komodo dragon (D:8)
  2 blink frogs
  2 wyverns
  Edmund (D:6)
  2 water moccasins
  An orc warrior (D:6)
  An ice beast (D:4)
  A black bear (D:7)
  2 centaurs
  A phantom (D:5)
  2 kobold brigands
  Blork the orc (D:6)
  A gnoll sergeant (D:8)
  A water moccasin zombie (D:6)
  4 scorpions
  A water moccasin skeleton (D:5)
  8 wights (D:7)
  A bullfrog zombie (D:6)
  A hound (D:6)
  A jelly (D:8)
  Crazy Yiuf (D:6)
  4 orc priests
  2 centaur skeletons
  3 iguanas
  4 orc wizards
  A hound skeleton (D:5)
  Robin (D:3)
  3 gnolls (D:8)
  5 adders
  3 river rats (Sewer)
  An ufetubus (D:6)
  An adder skeleton (D:5)
  6 dart slugs
  4 worms
  23 orcs
  11 endoplasms
  8 giant cockroaches
  13 goblins
  8 hobgoblins
  5 jackals
  6 kobolds
  4 quokkas
  5 ball pythons
  7 bats
  3 frilled lizards (D:2)
  5 rats
174 creatures vanquished.

Vanquished Creatures (others)
  30 plants (D:8)
30 creatures vanquished.

Grand Total: 204 creatures vanquished

Notes
Turn   | Place    | Note
-------+----------+-------------------------------------------
     0 | D:1      | Delamore the Octopode Brigand began the quest for the Orb.
     0 | D:1      | Reached XP level 1. HP: 14/14 MP: 1/1
   345 | D:1      | Found a faded altar of an unknown god.
   392 | D:1      | Reached XP level 2. HP: 17/19 MP: 2/2
  1020 | D:1      | Reached XP level 3. HP: 23/24 MP: 3/3
  2127 | D:3      | Noticed Robin
  2139 | D:3      | Killed Robin
  2140 | D:3      | Reached XP level 4. HP: 27/29 MP: 4/4
  3361 | D:4      | Reached XP level 5. HP: 34/34 MP: 5/5
  3515 | D:4      | Found a staircase to the Ecumenical Temple.
  3525 | Temple   | Entered the Ecumenical Temple
  3544 | Temple   | Became a worshipper of Gozag Ym Sagoz the Greedy
  3574 | D:4      | Noticed an ice beast
  3774 | D:4      | Reached XP level 6. HP: 23/39 MP: 6/6
  4371 | D:4      | Killed an ice beast
  4618 | D:4      | Found a sacrificial altar of Ru.
  4618 | D:4      | Found a stormy altar of Qazlal.
  4662 | D:4      | Found a sparkling altar of Nemelex Xobeh.
  4982 | D:5      | Entered Level 5 of the Dungeon
  5067 | D:5      | Reached skill level 5 in Short Blades
  5067 | D:5      | Reached XP level 7. HP: 39/45 MP: 7/7
  5259 | D:5      | Reached skill level 10 in Stealth
  5264 | D:5      | Found an ancient bone altar of Kikubaaqudgha.
  5463 | D:6      | Reached XP level 8. HP: 50/50 MP: 8/8
  5572 | D:6      | Found a glowing drain.
  5581 | Sewer    | Entered a sewer
  5975 | Sewer    | Found a white marble altar of Elyvilon.
  6167 | D:6      | Noticed Edmund
  6173 | D:6      | Killed Edmund
  6492 | D:6      | Found a runed translucent door.
  6493 | D:6      | Noticed Crazy Yiuf
  6870 | D:6      | Noticed Blork the orc
  6875 | D:6      | Killed Blork the orc
  7017 | D:6      | Killed Crazy Yiuf
  7018 | D:6      | Reached XP level 9. HP: 42/54 MP: 9/9
  7435 | D:7      | Reached skill level 1 in Evocations
  7750 | D:7      | Reached skill level 10 in Short Blades
  7873 | D:7      | Found Ogreppa's Armour Boutique.
  8632 | D:8      | Found a staircase to the Lair.
  8633 | D:8      | Noticed a komodo dragon
  9451 | D:8      | Killed a komodo dragon
  9452 | D:8      | Reached skill level 1 in Shields
 10003 | D:8      | Noticed a two-headed ogre
 10423 | D:8      | Killed a two-headed ogre
 10424 | D:8      | Reached XP level 10. HP: 65/65 MP: 10/10
 10755 | Lair:1   | Entered Level 1 of the Lair of Beasts
 10757 | Lair:1   | Noticed Nergalle
 11068 | Lair:1   | HP: 1/58 [bullfrog (9)]
 11070 | Lair:1   | Noticed a seven-headed hydra
 11072 | Lair:1   | Killed Nergalle
 11073 | Lair:1   | Reached skill level 5 in Fighting
 11073 | Lair:1   | Reached skill level 5 in Evocations
 11077 | Lair:1   | Mangled by a blink frog

Illustrated notes

Levels and vault maps discovered:
D:1:      nagdon_arrival_double_spiral, layout_loops_cross,
          basic_ecumenical_altar, serial_forest, infiniplex_forest_end_2,
          infiniplex_forest_clump_tiny, infiniplex_forest_pool,
          infiniplex_forest_straight_4, infiniplex_forest_clump_C,
          infiniplex_forest_lined_room_, infiniplex_forest_clump_curved
D:2:      layout_loops_corners, grunt_decor_junction
D:3:      layout_basic, uniq_robin
D:4:      layout_layer_cave, gammafunk_temple_overflow_wave,
          lemuel_doored_altar, minmay_temple_entry_junction
D:5:      layout_rooms, lemuel_tele_altar
D:6:      wander_river, layout_gridville, cheibrodos_sewer_entry_drain,
          minmay_hedge_maze, hangedman_decor_push, uniq_crazy_yiuf_cottage,
          uniq_edmund, uniq_blork_the_orc
D:7:      layout_basic, serial_shops, nicolae_shop_behind_doors
D:8:      layout_layer_cave, david_lair_shrubbed
Temple:   nicolae_temple_no_exploring_needed
Lair:1:   layout_roguey, gauntlet_entry_generic, serial_bayou_shore_b,
          grunt_megastairs_4, infiniplex_staircase_pool,
          minmay_lair_oklob_chamber, uniq_erica, uniq_nergalle

Skill      XL: |  1  2  3  4  5  6  7  8  9 10 |
---------------+-------------------------------+-----
Stealth        | 6 7 8 9 10 | 10.0
Short Blades   | 3 5 6 9 10 | 10.7
Evocations     | 4 5 |  5.0
Dodging        | 4 |  4.7
Fighting       | 4 5 |  5.0
Shields        | 2 3 |  3.0
Throwing       | |  2.0

Action                   |  1- 3 |  4- 6 |  7- 9 | 10-12 || total
-------------------------+-------+-------+-------+-------++-------
Melee: Dagger            |    67 |   100 |   167 |       ||   334
       Tentacles         |    10 |    13 |    34 |     4 ||    61
       Constrict         |    13 |    17 |    34 |     2 ||    66
       Short sword       |       |       |       |    19 ||    19
Throw: Dart              |     2 |    18 |     1 |     2 ||    23
Invok: Call Merchant     |       |       |     1 |       ||     1
Evoke: Wand              |       |       |     2 |     5 ||     7
  Use: Scroll            |     3 |     4 |     2 |     1 ||    10
       Potion            |       |       |     1 |     5 ||     6
 Stab: Sleeping          |    15 |    17 |    22 |     1 ||    55
       Distracted        |       |     1 |     1 |       ||     2
       Paralysed         |       |       |     1 |       ||     1
Armor: Skin              |     5 |     5 |     3 |     2 ||    15
Dodge: Dodged            |    29 |    38 |    65 |    50 ||   182
Block: Buckler           |       |       |       |    16 ||    16
